 Dungeon Crawl Stone Soup version 0.15-a0-734-g2b8d6ef (webtiles) character file.

1578 Infinimo the Ruinous (level 8, -15/52 HPs)
             Began as a Mummy Conjurer on May 11, 2014.
             Demolished by a trapdoor spider (20 damage)
             ... on Level 6 of the Dungeon.
             The game lasted 00:21:29 (13615 turns).

Infinimo the Ruinous (Mummy Conjurer)              Turns: 13615, Time: 00:21:29

HP -15/52        AC  3     Str 11      XL: 8   Next: 60%
MP   0/13        EV 12     Int 16      God:
Gold 66          SH  0     Dex 12      Spells:  3 memorised,  1 level left

rFire  . . .     SeeInvis +     i - +4,+7 long sword of Wounding {flame, rElec MR++ SInv}
rCold  + . .     Clarity  .     a - +1 robe
rNeg   + + +     Conserve .     (no shield)
rPois  +         rCorr    .     (no helmet)
rElec  +         rRot     +     (no cloak)
SustAb . .       Spirit   .     (no gloves)
rMut   .         Warding  .     (no boots)
Gourm  .         Stasis   .     (no amulet)
MR     +++..                    (no ring)
                                e - ring of protection from fire

@: extremely resistant to hostile enchantments, unstealthy
A: no food or potions, fire vulnerability, restore body, cold resistance 1, life
protection 3, poison resistance, torment resistance, unbreathing
a: no special abilities


You were on level 6 of the Dungeon.
You were not hungry.

You visited 1 branch of the dungeon, and saw 6 of its levels.

You collected 244 gold pieces.
You spent 178 gold pieces at shops.

Inventory:

Hand weapons
 d - a +0,+2 short sword
 i - the +4,+7 long sword of Wounding (weapon) {flame, rElec MR++ SInv}
   (You bought it in a shop on level 6 of the Dungeon)

   It emits flame when wielded, causing extra injury to most foes and up to
   double damage against particularly susceptible opponents.
   Big, fiery blades are also staple armaments of hydra-hunters.
   It insulates you from electricity.
   It affects your resistance to hostile enchantments.
   It enhances your eyesight.
Armour
 a - a +1 robe (worn)
Magical devices
 b - a wand of magic darts (19) {unknown}
 k - a wand of paralysis (15) {unknown}
Scrolls
 g - 7 scrolls of identify
 h - a scroll of fog
 j - 3 scrolls of recharging
Jewellery
 e - a ring of protection from fire (left hand)
Books
 c - a book of Conjurations

   Spells                             Type                      Level
   *Magic Dart                        Conjuration                  1
   Searing Ray                        Conjuration                  2
   Dazzling Spray                     Conjuration/Hexes            3
   Fulminant Prism                    Conjuration/Hexes            4
   *Iskenderun's Mystic Blast         Conjuration                  4
   *Iskenderun's Battlesphere         Conjuration/Charms           5


   Skills:
 - Level 1.5 Dodging
 - Level 1.5 Stealth
 - Level 2.0 Spellcasting
 + Level 7.0 Conjurations
 * Level 6.6 Charms


You had one spell level left.
You knew the following spells:

 Your Spells              Type           Power        Failure   Level  Hunger
a - Magic Dart            Conj           ###.         1%          1    N/A
b - Iskenderun's Battles  Conj/Chrm      ###.....     38%         5    N/A
c - Iskenderun's Mystic   Conj           ###.....     12%         4    N/A

Dungeon Overview and Level Annotations

Branches:
Dungeon (6/15)             Temple (0/1) D:6

Altars:
Ashenzari
Elyvilon
Fedhas
Trog
Xom

Shops:
D:6 (

Annotations:
D:4 Edmund; Infinimo's ghost, average FoFi


Innate Abilities, Weirdness & Mutations

You do not eat or drink.
Your flesh is vulnerable to fire.
Your flesh is cold resistant.
You are immune to negative energy.
Your system is resistant to poisons.
You are immune to unholy pain and torment.
You can survive without breathing.


Message History

The trapdoor spider is heavily wounded.
The barrage of energy hits the trapdoor spider.
The trapdoor spider is almost dead.
You swap places.
The trapdoor spider bites you.
* * * LOW HITPOINT WARNING * * *
The trapdoor spider bites you!
* * * LOW HITPOINT WARNING * * *
The trapdoor spider bites your battlesphere.
The trapdoor spider bites your battlesphere!
Your battlesphere is destroyed!
Casting: Magic Dart
Confirm with . or Enter, or press ? or * to list all spells.
Aiming: Magic Dart
Press: ? - help, Shift-Dir - straight line, f/p - trapdoor spider
Aim: a trapdoor spider (almost dead, clinging)
The magic dart hits the trapdoor spider.
The trapdoor spider is almost dead.
The trapdoor spider is almost dead.
The trapdoor spider bites you!
You die...

#..##.#.#.##.#
######.####.#
...##........#
#######.##...#
#.###.#.#.####
#.......##.###
#.........#
#.########.#
###########
#.# #.# #.#
#.# #######
#.# #.#
.>....# #.#
#.# #####.#
#@# #.# #.#
#s### #.# ##.#
#.Z.# #.###
#..# ###.#
#...# #B## #.#
###.# #s# #.#
#.# #ยง# #.#
#.# ### #.#
#.# #######
#.# #.#


You could see a trapdoor spider and a giant frog zombie.

Vanquished Creatures
  Menkaure (D:4)
  A phantom (D:4)
  A sky beast (D:6)
  An ogre (D:6)
  Duvessa (D:5)
  A centaur (D:6)
  3 giant frogs (D:6)
  A scorpion (D:6)
  A wight (D:6)
  3 crimson imps
  Dowan (D:5)
  A goliath beetle (D:6)
  A hound (D:6)
  2 worker ants
  2 iguanas (D:5)
  An orc priest (D:3)
  4 orc wizards
  An ogre zombie (D:5)
  An ogre skeleton (D:4)
  4 gnolls (D:6)
  8 adders
  2 shadow imps
  2 giant mites
  4 worms
  An iguana zombie (D:6)
  An orc zombie (D:5)
  An orc skeleton (D:5)
  A giant gecko (D:1)
  3 oozes
  17 orcs
  9 bats
  3 bat skeletons
  6 giant cockroaches
  A gnoll skeleton (D:6)
  10 goblins
  11 hobgoblins
  6 quokkas
  3 ball pythons
  7 giant newts
  A goblin skeleton (D:4)
  A hobgoblin skeleton (D:6)
  10 jackals
  10 kobolds
  11 rats
161 creatures vanquished.

Notes
Turn   | Place    | Note
--------------------------------------------------------------
     0 | D:1      | Infinimo, the Mummy Conjurer, began the quest for the Orb.
     0 | D:1      | Reached XP level 1. HP: 13/13 MP: 3/3
   461 | D:1      | Reached XP level 2. HP: 19/19 MP: 0/4
  1509 | D:2      | Reached skill level 4 in Conjurations
  1688 | D:2      | Reached XP level 3. HP: 24/24 MP: 4/6
  3198 | D:3      | Reached XP level 4. HP: 30/30 MP: 0/7
  4354 | D:4      | Reached skill level 5 in Conjurations
  5058 | D:4      | Noticed Infinimo's ghost (average FoFi)
  5288 | D:4      | Found a white marble altar of Elyvilon.
  5464 | D:4      | Noticed Edmund
  5531 | D:5      | Entered Level 5 of the Dungeon
  5594 | D:5      | Reached XP level 5. HP: 35/35 MP: 5/9
  5635 | D:5      | Learned a level 5 spell: Iskenderun's Battlesphere
  6022 | D:4      | Noticed Menkaure
  6202 | D:4      | Killed Menkaure
  6202 | D:4      | Reached XP level 6. HP: 41/41 MP: 0/10
  7048 | D:5      | Noticed Duvessa
  7049 | D:5      | Noticed Dowan
  7575 | D:5      | Found a bloodstained altar of Trog.
  7820 | D:5      | Found a blossoming altar of Fedhas.
  7866 | D:4      | Found a shimmering altar of Xom.
  7866 | D:4      | Found a shattered altar of Ashenzari.
  8743 | D:3      | Reached XP level 7. HP: 46/46 MP: 8/12
  8910 | D:4      | Noticed a phantom
  8922 | D:4      | Killed a phantom
  8922 | D:4      | Reached skill level 6 in Conjurations
  9089 | D:4      | Learned a level 4 spell: Iskenderun's Mystic Blast
  9163 | D:5      | Killed Dowan
  9975 | D:5      | Killed Duvessa
 10331 | D:6      | Found Kyromniyvi's Antique Weapon Shoppe.
 10349 | D:6      | Bought a fine long sword for 178 gold pieces
 10729 | D:6      | Reached skill level 5 in Charms
 10826 | D:6      | Reached XP level 8. HP: 36/52 MP: 4/13
 11167 | D:6      | Found a staircase to the Ecumenical Temple.
 12674 | D:6      | Identified the +4,+7 long sword of Wounding {flame, rElec MR++ SInv} (You bought it in a shop on level 6 of the Dungeon)
 13032 | D:6      | Reached skill level 7 in Conjurations
 13204 | D:6      | Found a blossoming altar of Fedhas.
 13339 | D:6      | Noticed a trapdoor spider
 13615 | D:6      | Demolished by a trapdoor spider

Action                   |  1- 3 |  4- 6 |  7- 9 || total
-------------------------+-------+-------+-------++-------
Melee: Unarmed           |     6 |       |       ||     6
       Short sword       |    41 |    39 |    17 ||    97
       Long sword        |       |       |     7 ||     7
 Cast: Magic Dart        |   107 |   296 |   286 ||   689
       Iskenderun's Myst |       |       |    15 ||    15
       Iskenderun's Batt |       |       |     2 ||     2
  Use: Scroll            |    10 |     3 |     6 ||    19
